[Event "ICC tourney 1955 (60 10)"]
[Site "Internet Chess Club"]
[Date "2020.08.09"]
[Round "8"]
[White "ThunderingFish"]
[Black "Ayushb"]
[Result "1-0"]
[ICCResult "Black resigns"]
[WhiteElo "1913"]
[BlackElo "1709"]
[Opening "Réti: King's Indian attack (Barcza system)"]
[ECO "A07"]
[NIC "QP.09"]
[Time "15:20:54"]
[TimeControl "3600+10"]

1. Nf3 d5 2. g3 Nf6 3. Bg2 Nc6 4. d4 Bg4 5. O-O e6 6. c4 Be7 7. cxd5 exd5 8.
Nc3 O-O 9. h3 Bh5 10. e3 Ne4 11. Qb3 Nxc3 12. bxc3 Na5 13. Qa4 Nc4 14. Nd2
Nxd2 15. Bxd2 c6 16. Qb3 Qb6 17. e4 Qxb3 18. axb3 dxe4 19. Bxe4 Bf6 20. Rfe1
Bg6 21. Bg2 a6 22. Re3 Rfe8 23. Rae1 Kf8 24. Bc1 Rxe3 25. fxe3 Bc2 26. Re2
Bd3 27. Rd2 Bg6 28. Ra2 Re8 29. Ra4 Be4 30. Bxe4 Rxe4 31. Kf2 Ke8 32. Kf3
Re6 33. e4 Kd7 34. Ra5 Bd8 35. Ra2 f6 36. h4 Bb6 37. Be3 Re7 38. g4 Ke6 39.
d5+ cxd5 40. Bxb6 dxe4+ 41. Kxe4 Kd6+ 42. Kf4 Re5 43. Ba7 g5+ 44. hxg5 fxg5+
45. Kf3 Rd5 46. Bd4 Rb5 47. b4 b6 48. Rxa6 {Black resigns} 1-0

[Event "ICC tourney 1955 (60 10)"]
[Site "Internet Chess Club"]
[Date "2020.08.09"]
[Round "8"]
[White "wolfchess1"]
[Black "Monkeybomb3605"]
[Result "1/2-1/2"]
[ICCResult "Game drawn by mutual agreement"]
[WhiteElo "2075"]
[BlackElo "1980"]
[Opening "Sicilian: Prins (Moscow) variation"]
[ECO "B55"]
[NIC "SI.01"]
[Time "15:20:38"]
[TimeControl "3600+10"]

1. e4 c5 2. Nf3 d6 3. d4 cxd4 4. Nxd4 Nf6 5. f3 Nc6 6. c4 e6 7. Nc3 Be7 8.
Be3 O-O 9. Qd2 d5 10. cxd5 exd5 11. Nxc6 bxc6 12. e5 Nd7 13. f4 Nb6 14. Rd1
f6 15. exf6 Bxf6 16. Be2 Qe7 17. Kf2 Rd8 18. Bd4 c5 19. Bxf6 Qxf6 20. Bf3
Be6 21. b3 Rac8 22. Ne2 d4 23. Ng3 Rf8 24. Rhe1 Bd5 25. Rc1 Qxf4 26. Qxf4
Rxf4 27. Ne2 Rf7 28. Ng1 Bxf3 29. Nxf3 Nd5 30. Kg1 Nf4 31. Rc4 Rcf8 32. b4
Nxg2 33. Kxg2 Rxf3 34. bxc5 Rf2+ 35. Kg1 d3 36. Rd4 Rc2 37. Rxd3 Rxc5 38.
Rd7 Rg5+ 39. Kh1 a5 {Game drawn by mutual agreement} 1/2-1/2

[Event "ICC tourney 1955 (60 10)"]
[Site "Internet Chess Club"]
[Date "2020.08.09"]
[Round "8"]
[White "taupuri"]
[Black "rockinroll"]
[Result "1-0"]
[ICCResult "Black resigns"]
[WhiteElo "1934"]
[BlackElo "1812"]
[Opening "Queen's bishop game"]
[ECO "D02"]
[NIC "QP.08"]
[Time "15:20:16"]
[TimeControl "3600+10"]

1. d4 d5 2. Nf3 Nf6 3. Bf4 Bf5 4. c4 e6 5. Nc3 Bd6 6. Bg3 O-O 7. e3 c6 8.
Qb3 Bxg3 9. hxg3 Qb6 10. Be2 Nbd7 11. O-O h6 12. Rfc1 Rac8 13. Ne1 dxc4 14.
Bxc4 c5 15. Nf3 Bh7 16. d5 e5 17. Rd1 e4 18. Ne1 Ne5 19. Qxb6 axb6 20. b3
Ne8 21. Rab1 Nd6 22. Bb5 Rfd8 23. Rbc1 Bg6 24. f3 f5 25. Kf2 Bf7 26. Be2 Rf8
27. Nb5 Rfd8 28. Nc3 Rf8 29. Rc2 Bg6 30. Rcd2 Rcd8 31. Nb5 Rf7 32. Nxd6 Rxd6
33. Bc4 Rfd7 34. Nc2 Bf7 35. Ke2 Ng6 36. Na3 Ne5 37. Nb5 Nxc4 38. bxc4 Rg6
39. Kf2 Kf8 40. Rb2 Rd8 41. Rdb1 exf3 42. gxf3 Be8 43. Nc7 Rdd6 44. Ne6+ Ke7
45. Rxb6 Rxb6 46. Rxb6 Bd7 47. Rxb7 Kd6 48. Rxd7+ Kxd7 49. Nf8+ {Black
resigns} 1-0

[Event "ICC tourney 1955 (60 10)"]
[Site "Internet Chess Club"]
[Date "2020.08.09"]
[Round "8"]
[White "Sahabangs"]
[Black "Alexbander"]
[Result "0-1"]
[ICCResult "White resigns"]
[WhiteElo "1432"]
[BlackElo "1724"]
[Opening "Two knights defense (Modern bishop's opening)"]
[ECO "C55"]
[NIC "IG.01"]
[Time "15:20:56"]
[TimeControl "3600+10"]

1. e4 e5 2. Nf3 Nc6 3. Bc4 Nf6 4. d3 Be7 5. c3 O-O 6. Nbd2 d5 7. exd5 Nxd5
8. Ne4 f6 9. O-O Be6 10. Qc2 a6 11. b4 b5 12. Bb3 a5 13. c4 Ndxb4 14. Qb1
Qxd3 15. cxb5 Bxb3 16. Qxb3+ Qxb3 17. axb3 Nc2 18. Rb1 N6d4 19. Nxd4 Nxd4
20. Nc3 Rab8 21. Rd1 Rfd8 22. Be3 Nxb5 23. Rxd8+ Bxd8 24. Nxb5 Rxb5 25. h3
Rd5 26. Rc1 Rd3 27. Rb1 Be7 28. Kf1 Kf7 29. Ke2 Rd8 30. Bd2 Bb4 31. Bxb4
axb4 32. Rc1 Rc8 33. Kd3 Ke6 34. Kc4 Rb8 35. Rd1 Ke7 36. Rd5 Rd8 37. Rxd8
Kxd8 38. Kxb4 Kd7 39. Kc5 h5 40. g4 hxg4 41. hxg4 g6 42. f3 c6 43. b4 f5 44.
gxf5 gxf5 45. b5 cxb5 46. Kxb5 Kd6 47. Kc4 Kc6 48. Kd3 Kd5 49. Ke3 Kc4 50.
Kd2 Kd4 51. Ke2 Kc3 52. Ke3 f4+ 53. Ke4 Kd2 54. Kxe5 Ke3 {White resigns} 0-1

[Event "ICC tourney 1955 (60 10)"]
[Site "Internet Chess Club"]
[Date "2020.08.09"]
[Round "8"]
[White "LawrenceTu"]
[Black "peekaboopenguin"]
[Result "1-0"]
[ICCResult "Black checkmated"]
[WhiteElo "1904"]
[BlackElo "1687"]
[Opening "English opening"]
[ECO "D35"]
[NIC "EO.64"]
[Time "15:19:51"]
[TimeControl "3600+10"]

1. c4 e6 2. Nc3 d5 3. cxd5 exd5 4. d4 Nf6 5. Nf3 Be7 6. Bg5 h6 7. Bh4 O-O 8.
e3 b6 9. Bd3 Bb7 10. O-O Nbd7 11. Qc2 c5 12. h3 Rc8 13. Rad1 Ne4 14. Bxe7
Qxe7 15. Qb1 Ndf6 16. Rfe1 Nxc3 17. bxc3 Ne4 18. Qb2 Qf6 19. Ne5 Rfe8 20.
Bxe4 dxe4 21. Nc4 cxd4 22. Rxd4 Red8 23. Red1 Rxd4 24. Rxd4 Rd8 25. Qb4 Rxd4
26. cxd4 Qe6 27. a3 Bd5 28. Nb2 Qc6 29. Kh2 Qc7+ 30. g3 Qd7 31. Nd1 Be6 32.
h4 Bg4 33. Nc3 Qf5 34. Qb2 h5 35. d5 Bh3 36. Qe2 Bg4 37. Qf1 Qe5 38. Qe1 Bd7
39. Qd2 Qf5 40. Kg1 Qh3 41. Nxe4 f6 42. d6 Bc6 43. Qd4 b5 44. f3 f5 45. d7
fxe4 46. d8=Q+ Kh7 47. Qe5 exf3 48. Qxh5# {Black checkmated} 1-0

[Event "ICC tourney 1955 (60 10)"]
[Site "Internet Chess Club"]
[Date "2020.08.09"]
[Round "8"]
[White "blueeagle405"]
[Black "qiaoqiaoszx"]
[Result "0-1"]
[ICCResult "White resigns"]
[WhiteElo "1970"]
[BlackElo "2028"]
[Opening "King's Indian: orthodox, Aronin-Taimanov, bayonet attack"]
[ECO "E97"]
[NIC "KI.04"]
[Time "15:20:23"]
[TimeControl "3600+10"]

1. d4 Nf6 2. c4 g6 3. Nc3 Bg7 4. e4 d6 5. Be2 O-O 6. Nf3 e5 7. O-O Nc6 8. d5
Ne7 9. b4 Nh5 10. g3 f5 11. Ng5 Nf6 12. Bf3 h6 13. Ne6 Bxe6 14. dxe6 Nc6 15.
Nd5 fxe4 16. Bg2 Ne7 17. Nc3 Qc8 18. Nd5 Nexd5 19. cxd5 c6 20. dxc6 Qxc6 21.
b5 Qb6 22. Be3 Qc7 23. Rc1 Qe7 24. Qb3 Rfc8 25. Rxc8+ Rxc8 26. Bxa7 d5 27.
a4 Qxe6 28. a5 Bf8 29. a6 b6 30. Rd1 Bc5 31. h3 Ra8 32. Bxb6 Bxb6 33. Rc1
Qf5 34. Rc2 Kg7 35. g4 Qf4 36. Qa3 Ra7 37. Qd6 Bd4 38. b6 Rd7 39. Qxd7+ Nxd7
40. b7 Ba7 {White resigns} 0-1

[Event "ICC tourney 1955 (60 10)"]
[Site "Internet Chess Club"]
[Date "2020.08.09"]
[Round "8"]
[White "pika0008"]
[Black "Heliosis"]
[Result "0-1"]
[ICCResult "White resigns"]
[WhiteElo "1595"]
[BlackElo "1866"]
[Opening "English opening: Agincourt variation"]
[ECO "A13"]
[NIC "QP.11"]
[Time "15:20:12"]
[TimeControl "3600+10"]

1. Nf3 e6 2. c4 d5 3. e3 c5 4. d4 Nc6 5. b3 Nf6 6. Bb2 Be7 7. Be2 O-O 8. Rg1
cxd4 9. exd4 Bb4+ 10. Nbd2 Ne4 11. Qc2 Qf6 12. O-O-O Nxd2 13. Nxd2 Bd7 14.
Nf3 Rac8 15. Kb1 Qe7 16. g4 Ba3 17. g5 Bxb2 18. Qxb2 Na5 19. c5 b6 20. h4
Nb7 21. h5 f6 22. h6 g6 23. gxf6 Rxf6 24. Ne5 bxc5 25. Nxd7 Qxd7 26. dxc5
Qf7 27. Qe5 Rxf2 28. Bg4 Nd8 29. Rxd5 exd5 30. Bxc8 Nc6 31. Qe1 Kf8 32. Qc3
d4 33. Qg3 Qf6 34. Qd6+ Qxd6 35. cxd6 Ke8 36. Be6 Rh2 37. Rd1 Rxh6 38. Bd5
Kd7 39. Bxc6+ Kxc6 40. Rxd4 Rh1+ 41. Kb2 Kd7 42. a4 Re1 43. Rf4 Kxd6 44. Rf7
Re7 45. Rf6+ Kd5 46. Kc3 Ke5 47. Ra6 g5 48. b4 g4 49. Kd3 Kf4 50. Rf6+ Kg5
51. Rf1 h5 52. b5 h4 53. a5 g3 54. b6 axb6 55. axb6 h3 56. b7 Rxb7 57. Ke3
g2 58. Rg1 Kh4 59. Kf2 Rb2+ 60. Kf3 h2 61. Rxg2 h1=Q {White resigns} 0-1

[Event "ICC tourney 1955 (60 10)"]
[Site "Internet Chess Club"]
[Date "2020.08.09"]
[Round "8"]
[White "winner08"]
[Black "andrewf2009"]
[Result "1-0"]
[ICCResult "Black resigns"]
[WhiteElo "1789"]
[BlackElo "1836"]
[Opening "Sicilian: Nimzovich-Rossolimo attack (without ...d6)"]
[ECO "B30"]
[NIC "SI.31"]
[Time "15:19:48"]
[TimeControl "3600+10"]

1. e4 c5 2. Nf3 Nc6 3. Bb5 e6 4. O-O Nge7 5. c3 g6 6. d4 Bg7 7. dxc5 O-O 8.
Na3 a6 9. Ba4 b5 10. Bc2 Bb7 11. Bf4 f5 12. Bd6 Re8 13. Re1 Nc8 14. Bg3 fxe4
15. Bxe4 N8e7 16. Nc2 Nf5 17. Bf4 Bf6 18. Ncd4 Rc8 19. Nxf5 exf5 20. Bc2 b4
21. Bb3+ Kh8 22. Qd6 Be7 23. Qd5 Bf6 24. Rxe8+ Qxe8 25. Re1 Qf8 26. Qxd7 Ba8
27. Re6 Rd8 28. Qc7 Nb8 29. Rxf6 Qg8 30. Rf7 Nd7 31. Rxd7 {Black resigns}
1-0

[Event "ICC tourney 1955 (60 10)"]
[Site "Internet Chess Club"]
[Date "2020.08.09"]
[Round "8"]
[White "H2ODerp"]
[Black "meghna"]
[Result "1/2-1/2"]
[ICCResult "Game drawn by mutual agreement"]
[WhiteElo "2065"]
[BlackElo "1927"]
[Opening "French: Steinitz variation"]
[ECO "C11"]
[NIC "FR.04"]
[Time "15:19:50"]
[TimeControl "3600+10"]

1. e4 e6 2. Nc3 d5 3. d4 Nf6 4. e5 Nfd7 5. f4 c5 6. Nf3 a6 7. Be3 Nc6 8. Qd2
b5 9. dxc5 Nxc5 10. a3 Bb7 11. Qf2 Ne4 12. Nxe4 dxe4 13. Nd4 Qa5+ 14. c3 Rc8
15. Rd1 Qc7 16. Be2 Be7 17. O-O Nxd4 18. Bxd4 O-O 19. b4 Bd5 20. Qe3 Qc6 21.
Rc1 Rb8 22. Rfd1 Rfc8 23. Bf1 Bd8 24. a4 Bb3 25. axb5 axb5 26. Re1 Bd5 27.
Ra1 Ra8 28. Bc5 Ra6 29. Qd4 Rca8 30. Rxa6 Qxa6 31. Rc1 Qa3 32. Qd2 Qa6 33.
Qd4 Qa3 34. Qd2 Qa6 {Game drawn by mutual agreement} 1/2-1/2

[Event "ICC tourney 1955 (60 10)"]
[Site "Internet Chess Club"]
[Date "2020.08.09"]
[Round "8"]
[White "StevChess01"]
[Black "Knightboy123"]
[Result "0-1"]
[ICCResult "White checkmated"]
[WhiteElo "1874"]
[BlackElo "1666"]
[Opening "Queen's pawn game"]
[ECO "E20"]
[NIC "QP.07"]
[Time "15:20:31"]
[TimeControl "3600+10"]

1. d4 Nf6 2. c4 e6 3. Nc3 b6 4. f3 Bb7 5. e4 d5 6. e5 Nfd7 7. cxd5 exd5 8.
f4 c5 9. Nf3 cxd4 10. Nxd4 Bb4 11. Be2 Nc5 12. O-O Bxc3 13. bxc3 Ne4 14.
Bb5+ Kf8 15. Ba3+ Kg8 16. Qf3 Nd2 17. Qg4 h5 18. Qh3 Nxf1 19. Rxf1 a6 20.
Bd3 Nc6 21. Nxc6 Bxc6 22. f5 d4 23. c4 Rh6 24. Bc1 Rh8 25. Qg3 h4 26. Qg4
Be8 27. Bg5 Qc7 28. Bf6 Rh7 29. Re1 Kh8 30. Bxh4 b5 31. f6 g6 32. cxb5 axb5
33. Bg3 Qd7 34. Qe2 Qd5 35. Be4 Qxa2 36. Qxa2 Rxa2 37. Bd5 Rc2 38. Ra1 Kg8
39. Kf1 b4 40. Ra8 Kf8 41. e6 fxe6 42. Bxe6 Rc6 43. Bd5 Rxf6+ 44. Ke1 Re7+
45. Kd2 Rb6 46. Rd8 Rd7 47. Rxd7 Bxd7 48. Bb3 Be6 49. Bc2 Kf7 50. Bf2 b3 51.
Bb1 Rb4 52. Kc1 b2+ 53. Kd2 Bf5 54. Bxf5 gxf5 55. g4 fxg4 56. h3 b1=Q 57.
Bxd4 Rxd4+ 58. Ke3 Qd3+ 59. Kf2 Rf4+ 60. Kg2 Qxh3+ 61. Kg1 Rf1#
{White checkmated}
0-1

[Event "ICC tourney 1955 (60 10)"]
[Site "Internet Chess Club"]
[Date "2020.08.09"]
[Round "8"]
[White "Yucheng"]
[Black "Chessphilia"]
[Result "1/2-1/2"]
[ICCResult "Game drawn because neither player has mating material"]
[WhiteElo "1884"]
[BlackElo "2084"]
[Opening "Nimzo-Indian: 4.e3 c5, 5.Ne2 (Rubinstein, anti-Hübner system)"]
[ECO "E42"]
[NIC "NI.16"]
[Time "15:19:48"]
[TimeControl "3600+10"]

1. d4 Nf6 2. c4 e6 3. Nc3 Bb4 4. e3 c5 5. Ne2 d5 6. a3 Bxc3+ 7. Nxc3 Nc6 8.
cxd5 exd5 9. Be2 O-O 10. O-O cxd4 11. exd4 h6 12. Be3 Bf5 13. Rc1 Rc8 14.
Na4 Re8 15. Nc5 Ne4 16. Nxb7 Qb6 17. Nc5 Qxb2 18. Nxe4 Bxe4 19. Ba6 Qxa3 20.
Bxc8 Rxc8 21. Rc5 Ne7 22. Qa1 Qxa1 23. Rxa1 Rxc5 24. dxc5 Nc6 25. Ra6 d4 26.
f3 Bd5 27. Bf2 Kf8 28. Ra4 d3 29. Be1 a5 30. Ra3 Bc4 31. Kf2 Ke7 32. Ke3 Ke6
33. Bxa5 Nxa5 34. Rxa5 Kd5 35. Ra8 Kxc5 36. Rg8 g6 37. g4 Kb4 38. Kd2 Bd5
39. Rh8 Bxf3 40. Rxh6 Bxg4 41. Rh4 f5 42. h3 g5 43. Rh6 Be2 44. Rf6 Bf1 45.
Rxf5 Bxh3 46. Rxg5 Bf1 47. Rg3 Be2 48. Rxd3 Bxd3
{Game drawn because neither player has mating material}
1/2-1/2

[Event "ICC tourney 1955 (60 10)"]
[Site "Internet Chess Club"]
[Date "2020.08.09"]
[Round "8"]
[White "nboad"]
[Black "chessrex"]
[Result "1/2-1/2"]
[ICCResult "Game drawn by mutual agreement"]
[WhiteElo "1754"]
[BlackElo "1990"]
[Opening "Ruy Lopez: Brentano defense"]
[ECO "C60"]
[NIC "RL.01"]
[Time "15:20:38"]
[TimeControl "3600+10"]

1. e4 e5 2. Nf3 Nc6 3. Bb5 g5 4. Bxc6 dxc6 5. d4 exd4 6. Bxg5 f6 7. Bh4 c5
8. Ne5 h5 9. Ng6 Rh6 10. Nxf8 Kxf8 11. O-O Qe8 12. Nd2 Rg6 13. Kh1 Rg4 14.
Bg3 Qf7 15. h3 Rg7 16. e5 f5 17. Qf3 c6 18. Nb3 b6 19. Qxc6 Bb7 20. Qd6+ Qe7
21. Rg1 Qxd6 22. exd6 Re8 23. Rae1 Rxe1 24. Rxe1 f4 25. d7 Rxd7 26. Bxf4 Rg7
27. f3 Rf7 28. Bd6+ Kg7 29. Nxc5 bxc5 30. Bxc5 Rd7 31. Rd1 a6 32. Rxd4 Rxd4
33. Bxd4+ Kf7 34. Kg1 Ne7 35. Kf2 Ke6 36. c4 Nf5 37. Bc3 Nh4 38. b4 Ng6 39.
g3 Bc6 40. Ke3 Ne5 41. Bxe5 Kxe5 42. f4+ Kd6 43. Kd4 Bd7 44. h4 Bg4 45. a4
Bd1 46. a5 Ba4 47. b5 axb5 48. cxb5 Bxb5 49. f5 Ba6 50. Ke4 Ke7 51. Kf4 Kf6
52. g4 hxg4 53. Kxg4 Bd3 54. Kf4 Bxf5 55. a6 Bc8 56. a7 Bb7 57. h5
{Game drawn by mutual agreement}
1/2-1/2

[Event "ICC tourney 1955 (60 10)"]
[Site "Internet Chess Club"]
[Date "2020.08.09"]
[Round "8"]
[White "VincentT2008"]
[Black "Almanac2050"]
[Result "1/2-1/2"]
[ICCResult "Game drawn by mutual agreement"]
[WhiteElo "1849"]
[BlackElo "1515"]
[Opening "QGA: 4...e6"]
[ECO "D26"]
[NIC "QG.08"]
[Time "15:20:26"]
[TimeControl "3600+10"]

1. d4 d5 2. c4 dxc4 3. e3 Nf6 4. Nf3 e6 5. Bxc4 a6 6. Nc3 b5 7. Bd3 c5 8.
O-O Be7 9. b3 O-O 10. Bb2 Bb7 11. Rc1 Nbd7 12. Qe2 Qb6 13. dxc5 Nxc5 14. Bb1
Rfd8 15. Rfd1 Rxd1+ 16. Rxd1 Rd8 17. b4 Nce4 18. Nxe4 Bxe4 19. Rxd8+ Qxd8
20. Bxe4 Nxe4 21. a3 Nd6 22. Ne5 Bf6 23. Qd3 Bxe5 24. Bxe5 Nb7 25. Qc2 Qd7
26. h3 f6 27. Bg3 a5 28. Kh2 a4 29. e4 Kf7 30. f4 Nd6 31. Qd3 Ke7 32. e5 Nf5
33. exf6+ gxf6 34. Qc3 Qd4 35. Qc7+ Qd7 36. Qc5+ Kf7 37. Bf2 Qd6 38. Qc1 Ne7
39. Bc5 Qc7 40. Qd2 {Game drawn by mutual agreement} 1/2-1/2

[Event "ICC tourney 1955 (60 10)"]
[Site "Internet Chess Club"]
[Date "2020.08.09"]
[Round "8"]
[White "IAlwaysWin"]
[Black "sichuansy"]
[Result "1-0"]
[ICCResult "Black resigns"]
[WhiteElo "2130"]
[BlackElo "1911"]
[Opening "King's Indian: fianchetto with ...Nc6"]
[ECO "E62"]
[NIC "KI.73"]
[Time "15:20:38"]
[TimeControl "3600+10"]

1. Nf3 Nf6 2. d4 g6 3. c4 Bg7 4. Nc3 O-O 5. g3 d6 6. Bg2 Nc6 7. d5 Na5 8.
Nd2 c5 9. O-O e6 10. Qc2 Rb8 11. b3 exd5 12. cxd5 b5 13. Bb2 a6 14. e4 Re8
15. Rfe1 Bb7 16. h3 Nd7 17. Rad1 Rc8 18. Bf1 Ba8 19. a4 b4 20. Ncb1 Bxb2 21.
Qxb2 Qb6 22. Nc4 Nxc4 23. Bxc4 Ne5 24. Nd2 Rcd8 25. f4 Nxc4 26. Nxc4 Qc7 27.
Ne3 h5 28. Nc4 f5 29. exf5 gxf5 30. Qf6 Qf7 31. Rxe8+ Qxe8 32. Qg5+ Kh8 33.
Qf6+ Kg8 34. Qxf5 Bb7 35. Kf2 Bc8 36. Qg5+ Kh8 37. Re1 Qf8 38. Re7 Bf5 39.
Qxh5+ Kg8 40. Qg5+ Kh8 41. Rf7 Qxf7 42. Qxd8+ Kg7 43. Nxd6 Qd7 44. Nxf5+
Qxf5 45. Qg5+ Qxg5 46. fxg5 c4 47. Ke2 c3 48. d6 {Black resigns} 1-0

[Event "ICC tourney 1955 (60 10)"]
[Site "Internet Chess Club"]
[Date "2020.08.09"]
[Round "8"]
[White "pianopro32"]
[Black "kingsac1234"]
[Result "1-0"]
[ICCResult "Black resigns"]
[WhiteElo "2045"]
[BlackElo "2092"]
[Opening "Sicilian: accelerated fianchetto, Maróczy bind, 6.Be3"]
[ECO "B38"]
[NIC "SI.33"]
[Time "15:19:54"]
[TimeControl "3600+10"]

1. e4 c5 2. Nf3 Nc6 3. d4 cxd4 4. Nxd4 g6 5. c4 Bg7 6. Be3 Nf6 7. Nc3 O-O 8.
Be2 d6 9. O-O Bd7 10. h3 Nxd4 11. Bxd4 Bc6 12. Qc2 Nd7 13. Bxg7 Kxg7 14.
Rad1 Qc7 15. f4 a6 16. Kh1 Rac8 17. b4 b6 18. Qb2 Kg8 19. a4 a5 20. Nd5 Bxd5
21. cxd5 Qc2 22. Qxc2 Rxc2 23. Bd3 Rc3 24. bxa5 bxa5 25. Bb5 Nc5 26. Rfe1 g5
27. fxg5 f6 28. gxf6 exf6 29. Kg1 Rf7 30. Rc1 Ra3 31. Rc4 Re7 32. Rxc5 dxc5
33. d6 Ra7 34. d7 Ra8 35. e5 {Black resigns} 1-0

[Event "ICC tourney 1955 (60 10)"]
[Site "Internet Chess Club"]
[Date "2020.08.09"]
[Round "8"]
[White "KnightRyder3"]
[Black "GoatsRock"]
[Result "1/2-1/2"]
[ICCResult "Game drawn by repetition"]
[WhiteElo "1785"]
[BlackElo "1569"]
[Opening "Pirc defense"]
[ECO "B07"]
[NIC "PU.08"]
[Time "15:20:04"]
[TimeControl "3600+10"]

1. e4 d6 2. d4 Nf6 3. Nd2 e5 4. d5 c6 5. c4 cxd5 6. cxd5 Qa5 7. Bd3 Nbd7 8.
f3 Nc5 9. Bc2 Bd7 10. Ne2 Bb5 11. O-O Qa6 12. Re1 Rc8 13. Nc3 Bd3 14. Bxd3
Nxd3 15. Rf1 Qb6+ 16. Kh1 Nf2+ 17. Rxf2 Qxf2 18. Nb3 h5 19. Qg1 Qc2 20. Qf1
h4 21. h3 a6 22. Na5 Nh5 23. Kh2 Rxc3 24. bxc3 Qxc3 25. Nb3 Ng3 26. Qd1 Be7
27. Bd2 Qb2 28. Qc1 Qxc1 29. Rxc1 Kd7 30. Na5 Rc8 31. Nxb7 Rxc1 32. Bxc1 Kc7
33. Na5 f6 34. Nc6 Bf8 35. a4 g6 36. a5 f5 37. exf5 Nxf5 38. Bg5 Bh6 39.
Bxh6 Nxh6 40. Kg1 Nf5 41. Kf2 Ng7 42. Ke3 Ne8 43. Nb4 Kb7 44. f4 Nf6 45.
fxe5 dxe5 46. d6 g5 47. Nd3 e4 48. Nc5+ Kc6 49. d7 Nxd7 50. Nxd7 Kxd7 51.
Kxe4 Ke6 52. Kf3 Kf5 53. g3 hxg3 54. Kxg3 Ke5 55. Kg4 Kf6 56. Kh5 Kf5 57.
Kh6 Kf6 58. Kh5 Kf5 59. Kh6 Kf6 60. Kh7 Kf7 61. Kh8 Kf8 62. Kh7 Kf7 63. Kh6
Kf6 64. Kh5 Kf5 {Game drawn by repetition} 1/2-1/2

[Event "ICC tourney 1955 (60 10)"]
[Site "Internet Chess Club"]
[Date "2020.08.09"]
[Round "8"]
[White "ocean112005"]
[Black "Knightoffaith"]
[Result "1/2-1/2"]
[ICCResult "Game drawn by mutual agreement"]
[WhiteElo "1697"]
[BlackElo "1865"]
[Opening "Queen's pawn: London system"]
[ECO "A45"]
[NIC "QP.07"]
[Time "15:20:58"]
[TimeControl "3600+10"]

1. d4 Nf6 2. Bf4 e6 3. e3 b6 4. Nf3 Bb7 5. Nbd2 c5 6. c3 Be7 7. h3 O-O 8.
Bd3 d5 9. Ne5 Nbd7 10. Ndf3 Nxe5 11. Nxe5 Nd7 12. O-O Nxe5 13. Bxe5 Bf6 14.
Bg3 Re8 15. Qc2 g6 16. Rad1 Qe7 17. Rfe1 c4 18. Be2 e5 19. Bf3 e4 20. Be2
Bg7 21. b3 b5 22. f3 f5 23. fxe4 fxe4 24. Rf1 Rf8 25. Bg4 Bc8 26. Rxf8+ Qxf8
27. Rf1 Qe7 28. Bd1 Be6 29. bxc4 bxc4 30. Qb2 Rf8 31. Rxf8+ Bxf8 32. Bf4 Bc8
33. Qb8 Qb7 34. Qxb7 Bxb7 35. Bg4 Kf7 36. Kf2 Ba3 37. Ke1 Bc6 38. Bc8 Ke7
39. h4 a5 40. Kd2 Kd8 41. Be6 Ke7 {Game drawn by mutual agreement} 1/2-1/2

[Event "ICC tourney 1955 (60 10)"]
[Site "Internet Chess Club"]
[Date "2020.08.09"]
[Round "8"]
[White "lemonoosa"]
[Black "albertyao"]
[Result "1-0"]
[ICCResult "Black resigns"]
[WhiteElo "2081"]
[BlackElo "1934"]
[Opening "Queen's pawn: London system"]
[ECO "A45"]
[NIC "QP.07"]
[Time "15:20:13"]
[TimeControl "3600+10"]

1. d4 Nf6 2. Bf4 d6 3. Nc3 g6 4. e4 Bg7 5. Qd2 O-O 6. O-O-O c6 7. Bh6 b5 8.
f3 Qa5 9. h4 b4 10. Nb1 Bxh6 11. Qxh6 Qh5 12. Qf4 Qa5 13. h5 g5 14. Qg3 h6
15. Bc4 Ba6 16. Bb3 Nbd7 17. Nd2 e5 18. Nh3 Nh7 19. f4 exf4 20. Nxf4 Kg7 21.
Nf3 Rae8 22. Nd3 Bxd3 23. Rxd3 Qc7 24. Nh4 Ndf6 25. Nf5+ Kh8 26. Nxd6 Rd8
27. e5 Nd5 28. Rf3 Nf4 29. Rxf4 gxf4 30. Qxf4 Ng5 31. Qf6+ Kh7 32. Bc4
{Black resigns}
1-0

[Event "ICC tourney 1955 (60 10)"]
[Site "Internet Chess Club"]
[Date "2020.08.09"]
[Round "8"]
[White "alkanet"]
[Black "aarushnaveen"]
[Result "0-1"]
[ICCResult "White checkmated"]
[WhiteElo "2135"]
[BlackElo "1716"]
[Opening "Ruy Lopez: closed, Chigorin, 12...c5d4"]
[ECO "C99"]
[NIC "RL.24"]
[Time "15:20:08"]
[TimeControl "3600+10"]

1. e4 e5 2. Nf3 Nc6 3. Bb5 a6 4. Ba4 Nf6 5. O-O Be7 6. Re1 b5 7. Bb3 d6 8.
c3 O-O 9. h3 Na5 10. Bc2 c5 11. d4 Qc7 12. Nbd2 cxd4 13. cxd4 Nc6 14. d5 Nb4
15. Bb1 a5 16. Nf1 Bd7 17. Bd2 Na6 18. Ng3 Rfc8 19. Nh4 Bf8 20. Nhf5 g6 21.
Nh6+ Bxh6 22. Bxh6 Qd8 23. f4 Ne8 24. Qf3 Qf6 25. Rf1 exf4 26. Bxf4 a4 27.
a3 b4 28. h4 Rab8 29. h5 Nc5 30. hxg6 hxg6 31. Bc2 b3 32. Bd1 Qxb2 33. Be5
Qxe5 34. Qxf7+ Kh8 35. Rf4 Bg4 36. Rxg4 Qf6 37. Qxg6 Qxg6 38. Rxg6 b2 39.
Rb1 Rc7 40. e5 Nd3 41. Ne2 Nxe5 42. Rg3 Nf6 43. Bxa4 Ne4 44. Rh3+ Kg8 45.
Nd4 Rc1+ 46. Kh2 Ng4# {White checkmated} 0-1

[Event "ICC tourney 1955 (60 10)"]
[Site "Internet Chess Club"]
[Date "2020.08.09"]
[Round "8"]
[White "asergeev"]
[Black "myqueen"]
[Result "0-1"]
[ICCResult "White resigns"]
[WhiteElo "1859"]
[BlackElo "2005"]
[Opening "Queen's pawn: London system"]
[ECO "A45"]
[NIC "QP.07"]
[Time "15:20:38"]
[TimeControl "3600+10"]

1. d4 Nf6 2. Bf4 g6 3. e3 Bg7 4. c4 O-O 5. Nc3 d6 6. Nf3 Nbd7 7. h3 b6 8.
Be2 Bb7 9. Qc2 Re8 10. Rd1 c5 11. d5 a6 12. a4 Qc7 13. O-O Ne5 14. Nxe5 dxe5
15. Bh2 Rf8 16. Rd2 Ne8 17. e4 f5 18. exf5 gxf5 19. Re1 Nd6 20. Bf1 e4 21.
Ne2 Bc8 22. Nf4 Be5 23. Kh1 Ne8 24. d6 Bxd6 25. Nd5 Qb7 26. Qb3 Bxh2 27.
Kxh2 Ng7 28. f3 e6 29. Nxb6 a5 30. Qb5 Qc7+ 31. Kh1 Rb8 32. Rd6 Qxd6 33.
Nxc8 Rfxc8 34. Qa6 Qxa6 {White resigns} 0-1

[Event "ICC tourney 1955 (60 10)"]
[Site "Internet Chess Club"]
[Date "2020.08.09"]
[Round "8"]
[White "matein7"]
[Black "TeeKay2020"]
[Result "1/2-1/2"]
[ICCResult "Game drawn by mutual agreement"]
[WhiteElo "1913"]
[BlackElo "1781"]
[Opening "QGD: 4.Nf3"]
[ECO "D37"]
[NIC "QO.17"]
[Time "15:20:30"]
[TimeControl "3600+10"]

1. d4 e6 2. c4 d5 3. Nf3 Nf6 4. Nc3 Be7 5. Bg5 Nbd7 6. e3 h6 7. Bh4 O-O 8.
Rc1 c5 9. dxc5 Nxc5 10. cxd5 Nxd5 11. Nxd5 exd5 12. Rxc5 Bxh4 13. Rxd5 Qe7
14. Nxh4 Qxh4 15. Rd4 Qf6 16. Be2 Qb6 17. Qd2 Be6 18. O-O Rfd8 19. Rd1 Rxd4
20. Qxd4 Qxd4 21. Rxd4 Bxa2 22. Bf3 Be6 23. Bxb7 Rb8 24. Be4 f5 25. Bd3 Rxb2
26. f3 Kf7 27. Ra4 Rb7 28. Kf2 g6 29. Kg3 Re7 30. h4 g5 31. Ra5 Kf6 32. Ra6
Kf7 33. Ra5 Kf6 34. Ra6 Kf7 35. hxg5 hxg5 36. f4 Bc8 37. Bc4+ Kg7 38. Ra3
gxf4+ 39. exf4 Kf6 40. Bd5 Bb7 41. Bxb7 Rxb7 42. Ra6+ Kg7 43. Kh4 Rf7 44.
Kg5 Kh7 45. g3 Rg7+ 46. Kxf5 Rxg3 47. Rxa7+ Kg8 48. Kf6 Rb3 49. Ra8+ Kh7 50.
Re8 Rb6+ 51. Re6 Rb8 52. f5 Rf8+ 53. Ke5 Ra8 54. Rb6 Re8+ 55. Kf6 Rf8+ 56.
Ke6 Kg7 57. Rb7+ Kh6 58. f6 Kg6 59. Rg7+ Kh6 60. Rg2 Ra8 61. f7 Ra6+ 62. Ke5
Ra5+ 63. Ke4 Ra4+ 64. Ke3 Ra3+ 65. Ke2 Ra2+ 66. Kf1 Ra1+ 67. Kf2 Ra2+ 68.
Kf3 Ra3+ 69. Kf4 Ra4+ 70. Ke5 Ra5+ 71. Kd6 Ra6+ 72. Kc5 Rf6
{Game drawn by mutual agreement}
1/2-1/2